 Dungeon Crawl Stone Soup version 0.29-a0-350-g7790a0e70a (webtiles) character file.

Game seed: 693934238918933371

9377 zishaf the Party-goer (level 11, 0/60 HPs)
             Began as a Vine Stalker Brigand on Apr 22, 2022.
             Was a Priest of Uskayaw.
             Slain by an orc warrior
             ... wielding a +0 trident
              (13 damage)
             ... in a bailey.
             The game lasted 00:15:58 (7729 turns).

zishaf the Party-goer (Vine Stalker Brigand)        Turns: 7729, Time: 00:15:59

Health: 0/60       AC: 14    Str: 15    XL:     11   Next: 45%
Magic:  0/20       EV: 11    Int: 11    God:    Uskayaw [***...]
Gold:   509        SH:  6    Dex: 23    Spells: 10/10 levels left

rFire   . . .      SeeInvis .   N - +9 falchion of Fasucar {speed, rN+ Dex+4}
rCold   . . .      Faith    .   L - +0 buckler
rNeg    + . .      Spirit   +   i - +1 steam dragon scales
rPois   .          Reflect  .   u - +0 helmet
rElec   .          Harm     .   C - scarf {repulsion}
rCorr   .          Rampage  .   (no gloves)
Will    +....                   x - +0 pair of boots
Stlth   ++++......              (no amulet)
HPRegen 1.00/turn               E - +4 ring of protection
MPRegen 0.17/turn               (no ring)

@: mighty, repel missiles
A: fangs 3, regeneration 1, magic shield, antimagic bite, no potion heal 2,
iridescent scales 1, MP-powered wands
a: Renounce Religion, Stomp, Line Pass


You were in a bailey.
You worshipped Uskayaw.
Uskayaw was aware of your devotion.
You visited 2 branches of the dungeon, and saw 11 of its levels.
You also visited: Ossuary and Bailey.

You collected 509 gold pieces.

Inventory:

Hand Weapons
 a - the +6 short sword of Muodatekk {chaos, *Slow Dex+8}
   (You found it on level 4 of the Dungeon)

   Each time it hits an enemy it has a different, random effect.
   Dex:       It affects your dexterity (+8).
   *Slow:     It may slow you when you take damage.
 b - a +7 vorpal hunting sling
 h - a +2 dagger
 t - a +2 dagger of draining
 N - the +9 falchion of Fasucar (weapon) {speed, rN+ Dex+4}
   (You found it on level 9 of the Dungeon)

   Attacks with this weapon are significantly faster.
   Dex:       It affects your dexterity (+4).
   rN:        It protects you from negative energy.
Missiles
 d - 33 poisoned darts
 e - 9 curare-tipped darts (quivered)
 k - 9 atropa-tipped darts
 z - 7 javelins
 J - 2 boomerangs
 K - 3 throwing nets
Armour
 c - a +0 cloak
 i - +1 steam dragon scales (worn)
 r - a +0 robe
 u - a +0 helmet (worn)
 x - a +0 pair of boots (worn)
 C - a scarf of repulsion (worn)
 L - a +0 buckler (worn)
Jewellery
 E - a +4 ring of protection (left hand)
Wands
 y - a wand of flame (10)
 G - a wand of digging (4)
 O - a wand of paralysis (6)
Scrolls
 f - 8 scrolls of enchant weapon
 g - 3 scrolls of blinking
 j - 3 scrolls of teleportation
 l - 7 scrolls of immolation
 o - 2 scrolls of silence
 q - 6 scrolls of enchant armour
 B - 2 scrolls of magic mapping
 I - a scroll of fog
 M - 3 scrolls of fear
Potions
 m - a potion of magic
 n - 7 potions of curing
 p - 5 potions of haste
 s - a potion of flight
 v - a potion of attraction
 w - 2 potions of might
 A - 2 potions of lignification
 D - 4 potions of mutation
 F - 2 potions of brilliance
 H - a potion of cancellation
 P - a potion of berserk rage {unknown}


   Skills:
 + Level 8.8 Fighting
 - Level 8.1 Short Blades
 - Level 3.0 Throwing
 - Level 0.7 Dodging
 - Level 7.0 Stealth
 + Level 3.2 Shields
 * Level 10.7 Invocations


You had 10 spell levels left.
You didn't know any spells.
Your spell library contained the following spells:

 Spells                   Type           Power      Damage    Failure   Level
 Ensorcelled Hibernation  Hex/Ice        0%         N/A       56%         2
 Static Discharge         Conj/Air       0%         N/A       56%         2
 Ozocubu's Armour         Ice            0%         N/A       80%         3
 Spider Form              Tmut/Pois      0%         N/A       80%         3
 Stone Arrow              Conj/Erth      0%         3d7       80%         3
 Anguish                  Hex/Necr       0%         N/A       99%         4
 Animate Armour           Summ/Erth      0%         N/A       99%         4
 Cause Fear               Hex            0%         N/A       99%         4
 Fulminant Prism          Conj/Hex       0%         3d6       99%         4
 Iskenderun's Mystic Bla  Conj/Tloc      0%         2d3       99%         4
 Lee's Rapid Deconstruct  Erth           0%         3d5*      100%        5
 Lightning Bolt           Conj/Air       0%         1d11      100%        5
 Metabolic Englaciation   Hex/Ice        0%         N/A       100%        5
 Simulacrum               Ice/Necr       0%         N/A       100%        6
 Dragon Form              Tmut           0%         N/A       100%        7
 Lehudib's Crystal Spear  Conj/Erth      0%         10d2      100%        8
 Maxwell's Capacitive Co  Air            0%         ∞         100%        8
 Dragon's Call            Summ           0%         N/A       100%        9


Dungeon Overview and Level Annotations

Branches:
Dungeon (10/15)            Temple (1/1) D:6             Orc (0/2) D:9
Ossuary (visited)          Bailey (1/1)
   Lair: D:8-11

Altars:
Ashenzari
Cheibriados
Dithmenos
Elyvilon
Fedhas
Makhleb
Nemelex Xobeh
Okawaru
Sif Muna
Trog
Uskayaw
Yredelemnul
Zin

Shops:
D:9 (

Annotations:
D:8 2 runed translucent doors, spaghetti's ghost, novice DDNe Bailey 2 runed translucent doors


Innate Abilities, Weirdness & Mutations

You have razor-sharp teeth.
Your natural rate of healing is unusually fast.
When hurt, damage is shared between your health and your magic reserves.
Your bite disrupts and absorbs the magic of your enemies.
Potions cannot restore your health.
You are partially covered in iridescent scales. (AC +2)
You expend magic power (3 MP) to strengthen your wands.


Message History

You can now pass through a line of other dancers.
You slash the orc knight! You bite the orc knight! You drain its power.
The orc knight is severely wounded.
The orc knight hits you with a +0 trident!!
The orc barely misses you. You block the orc warrior's attack.
Uskayaw will force your foes to helplessly watch your dance.
Uskayaw prepares the audience for your solo!
The helpless orc knight fails to defend itself.
You slice the orc knight!!
You kill the orc knight!
The orc no longer looks unusually strong.
The orc warrior no longer looks unusually strong.
The orc warrior is no longer paralysed.
The orc warrior no longer looks unusually strong.
The orc warrior is no longer paralysed.
The orc is no longer paralysed.
The orc warrior hits you with a +0 glaive!
You block the orc's attack. The orc warrior misses you.
You are too injured to fight recklessly!
You are too injured to fight recklessly!
You are too injured to fight recklessly!
You are too injured to fight recklessly!
The helpless orc fails to defend itself.
You slice the orc!!
You kill the orc!
You closely miss the orc warrior.
An orc comes into view. It is wielding a +0 halberd.
The orc warrior hits you with a +0 glaive.
The orc barely misses you.
The orc warrior hits you from afar with a +0 glaive!
The orc shouts!
You slash the orc warrior! Your bite misses the orc warrior.
The orc warrior is heavily wounded.
The orc warrior is no longer paralysed.
The orc is no longer paralysed.
The orc no longer looks unusually strong.
The orc warrior hits you with a +0 glaive!
* * * LOW HITPOINT WARNING * * *
The orc hits you from afar with a +0 halberd.
* * * LOW HITPOINT WARNING * * *
The orc warrior hits you from afar with a +0 trident!
You die...

≈≈ #....#≈≈≈≈≈≈≈#
≈≈≈ #....#≈≈≈≈≈≈≈#
≈≈≈≈#....#≈≈≈≈≈♣♣#
≈...#....#...♣♣♣
...........♣....
................
##....)...####.
.####''####.$#
.........@oo..#
#...8...)8)oo##
#..########o.# #.
#o.# # #..#
#..#o)# #..#.o#
....#o.#
#....##o.#


You could see 3 orc warriors and 3 orcs.

Vanquished Creatures
  Erica (D:9)
  Urug (D:10)
  An orc knight (Bailey)
  Pikel (D:8)
  Joseph (D:7)
  Psyche (D:8)
  Prince Ribbit (D:8)
  A troll (D:9)
  12 yaks (D:9)
  A wyvern (D:9)
  2 steam dragons
  Menkaure (D:7)
  Duvessa (D:5)
  A water moccasin (D:6)
  An ice beast (D:7)
  An ogre (D:9)
  6 orc warriors
  A centaur (D:8)
  3 lemures (D:8)
  2 phantoms (D:5)
  7 kobold brigands (D:9)
  7 bullfrogs
  A necrophage (D:5)
  4 gnoll sergeants (D:9)
  2 elf skeletons (D:7)
  4 scorpions
  3 wights (D:6)
  Dowan (D:5)
  A howler monkey (D:6)
  2 centaur zombies (Ossuary)
  Crazy Yiuf (D:6)
  4 hounds
  2 jellies
  2 human skeletons (D:7)
  2 human zombies (Ossuary)
  4 orc priests
  A gnoll shaman (D:5)
  2 iguanas
  6 orc wizards
  4 mummies (Ossuary)
  8 gnolls
  10 adders
  3 white imps
  2 ufetubi
  A worm (D:4)
  3 dart slugs
  36 orcs
  3 endoplasms
  7 giant cockroaches
  A gnoll zombie (Ossuary)
  7 goblins
  6 hobgoblins
  3 jackals (D:1)
  4 quokkas
  5 ball pythons
  3 bats
  5 frilled lizards
  A goblin zombie (Ossuary)
  3 kobolds
  2 kobold zombies (Ossuary)
  An orc skeleton (D:7)
  4 rats
218 creatures vanquished.

Vanquished Creatures (others)
  2 fungi (D:6)
2 creatures vanquished.

Grand Total: 220 creatures vanquished

Notes
Turn   | Place    | Note
-------+----------+-------------------------------------------
     0 | D:1      | zishaf the Vine Stalker Brigand began the quest for the
                  | Orb.
     0 | D:1      | Reached XP level 1. HP: 11/11 MP: 2/2
   106 | D:1      | Reached skill level 5 in Stealth
   106 | D:1      | Reached XP level 2. HP: 7/14 MP: 3/3
   504 | D:1      | Reached XP level 3. HP: 18/18 MP: 4/4
   780 | D:2      | Found a bloodstained altar of Trog.
   798 | D:2      | You fall into a shaft and drop 2 floors!
   802 | D:4      | Gained mutation: Your natural rate of healing is unusually
                  | fast. [Vine Stalker growth]
   802 | D:4      | Reached XP level 4. HP: 23/23 MP: 5/5
  1252 | D:2      | Reached XP level 5. HP: 27/27 MP: 6/6
  2278 | D:4      | Identified the +6 short sword of Muodatekk {chaos, *Slow
                  | Dex+8}
  2400 | D:4      | Found a basalt altar of Yredelemnul.
  2665 | D:5      | Entered Level 5 of the Dungeon
  2716 | D:5      | Noticed Duvessa
  2722 | D:5      | Noticed Dowan
  2733 | D:5      | Killed Duvessa
  2734 | D:5      | Reached XP level 6. HP: 18/32 MP: 2/7
  2846 | D:5      | Killed Dowan
  2899 | D:5      | Reached XP level 7. HP: 33/37 MP: 6/8
  3245 | D:5      | Reached skill level 5 in Fighting
  3644 | D:6      | Reached skill level 5 in Short Blades
  3644 | D:6      | Gained mutation: You have razor-sharp teeth. [Vine Stalker
                  | growth]
  3644 | D:6      | Reached XP level 8. HP: 43/43 MP: 9/9
  3685 | D:6      | Found a staircase to the Ecumenical Temple.
  3693 | Temple   | Entered the Ecumenical Temple
  3719 | Temple   | Became a worshipper of Uskayaw the Reveller
  3843 | D:6      | Reached * piety under Uskayaw
  3889 | D:6      | Reached ** piety under Uskayaw
  3891 | D:6      | Reached skill level 1 in Invocations
  3959 | D:6      | Reached *** piety under Uskayaw
  3961 | D:6      | Reached skill level 2 in Invocations
  3961 | D:6      | Reached **** piety under Uskayaw
  3976 | D:6      | Reached ***** piety under Uskayaw
  3978 | D:6      | Reached skill level 3 in Invocations
  4153 | D:6      | Found a blossoming altar of Fedhas.
  4154 | D:6      | Found a broken altar of Ashenzari.
  4437 | D:6      | Found a runed translucent door.
  4438 | D:6      | Noticed Crazy Yiuf
  4445 | D:6      | Killed Crazy Yiuf
  4723 | D:7      | Found a sand-covered staircase.
  4728 | Ossuary  | Entered an ossuary
  4841 | Ossuary  | Reached skill level 4 in Invocations
  4931 | Ossuary  | Gained mutation: You are partially covered in iridescent
                  | scales. (AC +2) [potion of mutation]
  4931 | Ossuary  | Gained mutation: You occasionally shout uncontrollably at
                  | your foes. [potion of mutation]
  4931 | Ossuary  | Gained mutation: Your muscles are strong. (Str +2) [potion
                  | of mutation]
  4931 | Ossuary  | Gained mutation: You passively dampen the noise of your
                  | surroundings. [potion of mutation]
  4932 | Ossuary  | Lost mutation: You occasionally shout uncontrollably at
                  | your foes. [potion of mutation]
  4932 | Ossuary  | Lost mutation: Your muscles are strong. (Str +2) [potion of
                  | mutation]
  4932 | Ossuary  | Lost mutation: You passively dampen the noise of your
                  | surroundings. [potion of mutation]
  4932 | Ossuary  | Gained mutation: You sometimes lose the ability to read
                  | scrolls when taking damage. [potion of mutation]
  4932 | Ossuary  | Gained mutation: You expend magic power (3 MP) to
                  | strengthen your wands. [potion of mutation]
  4932 | Ossuary  | Lost mutation: You sometimes lose the ability to read
                  | scrolls when taking damage. [potion of mutation]
  4940 | D:7      | Reached XP level 9. HP: 48/48 MP: 13/13
  4992 | D:7      | Reached skill level 5 in Invocations
  5090 | D:7      | Found an iron altar of Okawaru.
  5091 | D:7      | Noticed Joseph
  5131 | D:7      | Killed Joseph
  5171 | D:7      | Noticed Menkaure
  5202 | D:7      | Killed Menkaure
  5203 | D:7      | Reached skill level 6 in Invocations
  5421 | D:7      | Found a white marble altar of Elyvilon.
  5761 | D:8      | Noticed Prince Ribbit
  5772 | D:8      | Killed Prince Ribbit
  5775 | D:8      | Reached skill level 7 in Invocations
  5835 | D:8      | Noticed Psyche
  5842 | D:8      | Killed Psyche
  5843 | D:8      | Reached XP level 10. HP: 55/55 MP: 16/16
  5846 | D:8      | Found a large runed translucent door.
  5846 | D:8      | Found a large runed translucent door.
  5852 | D:8      | Noticed spaghetti's ghost (novice DDNe)
  5947 | D:8      | Noticed Pikel
  5964 | D:8      | Killed Pikel
  6459 | D:9      | Reached skill level 8 in Invocations
  6533 | D:9      | Found Qomeufev's Weapon Shoppe.
  6709 | D:9      | Found a staircase to the Orcish Mines.
  6754 | D:9      | Reached ****** piety under Uskayaw
  6756 | D:9      | Reached skill level 9 in Invocations
  6879 | D:9      | Reached skill level 1 in Shields
  7141 | D:9      | Reached XP level 11. HP: 60/60 MP: 19/19
  7148 | D:9      | Identified the +9 falchion of Fasucar {speed, rN+ Dex+4}
  7219 | D:9      | Identified the +1 leather armour "Fyckaota" {Harm Regen+
                  | Str+3 Int-4}
  7268 | D:9      | Reached skill level 10 in Invocations
  7319 | D:9      | Found a burning altar of Makhleb.
  7320 | D:9      | Noticed an Executioner
  7325 | D:9      | Found a glowing silver altar of Zin.
  7325 | D:9      | Noticed an angel
  7460 | D:9      | Noticed Erica
  7468 | D:9      | Killed Erica
  7599 | D:10     | Entered Level 10 of the Dungeon
  7599 | D:10     | Noticed Urug
  7603 | D:10     | Killed Urug
  7622 | D:10     | Found a flagged portal.
  7655 | Bailey   | Entered a bailey
  7697 | Bailey   | Found a large runed translucent door.
  7697 | Bailey   | Found a large runed translucent door.
  7698 | Bailey   | Noticed a deep elf zephyrmancer
  7698 | Bailey   | Noticed an orc knight
  7725 | Bailey   | Killed an orc knight
  7729 | Bailey   | Slain by an orc warrior

Illustrated notes

Levels and vault maps discovered:
D:1:      lemuel_arrival_broad_hall, layout_rooms, minivault_27, minivault_11
D:2:      layout_basic, basic_altar, minmay_hexomino_c4
D:3:      minmay_door_path, layout_basic, hex_tiny
D:4:      layout_rooms, mainiacjoe_overflow_surrounded_room
D:5:      layout_basic, minmay_fractal_squares_diagonal_5, uniq_duvessa
D:6:      layout_loops_ring, mainiacjoe_overflow_divided_tiny,
          minmay_temple_entry_glassed_door, kennysheep_generic_room_11,
          uniq_crazy_yiuf_cottage
D:7:      layout_rooms, elyvilon_altar_3, okawaru_ov_weapons_minmay,
          nicolae_ossuary_entry_catacombs, uniq_menkaure, uniq_joseph
D:8:      layout_cave_pods, ebering_ghost_disaster_area, uniq_prince_ribbit1,
          uniq_psyche, uniq_pikel
D:9:      layout_basic, grunt_temple_overflow_order_and_chaos_2,
          kennysheep_orc_monster_closet_entryway, serial_shops, shop, uniq_erica
D:10:     layout_layer_cave, enter_bailey_5, uniq_urug, uniq_maggie, uniq_lodul
Temple:   regret_index_temple_waves
Bailey:   bailey_polearm_elven_captive_hellmonk, bailey

Skill      XL: |  1  2  3  4  5  6  7  8  9 10 11 |
---------------+----------------------------------+-----
Fighting       | 2 3 5 6 7 8 |  8.8
Short Blades   | 2 3 5 7 8 |  8.1
Throwing       | 2 3 |  3.0
Stealth        | 5 6 7 |  7.0
Invocations    | 4 7 9 10 | 10.7
Shields        | 1 3 |  3.2
Dodging        | |  0.7

Action                   |  1- 3 |  4- 6 |  7- 9 | 10-12 || total
-------------------------+-------+-------+-------+-------++-------
Melee: Dagger            |    52 |    74 |       |     1 ||   127
       Bite              |     8 |    34 |    50 |    64 ||   156
       Short sword       |       |    36 |   186 |   140 ||   362
       Punch             |       |       |     2 |     1 ||     3
       Falchion          |       |       |       |    67 ||    67
 Fire: Hunting sling     |       |    13 |    12 |       ||    25
Throw: Dart              |       |     1 |       |       ||     1
  Use: Scroll            |       |    12 |    11 |     2 ||    25
       Potion            |       |       |     2 |     1 ||     3
 Stab: Sleeping          |    13 |     7 |    26 |     7 ||    53
       Paralysed         |       |       |     8 |    18 ||    26
       Distracted        |       |       |     1 |     1 ||     2
       Confused          |       |       |     1 |       ||     1
Armor: Robe              |     6 |       |       |       ||     6
       Steam dragon scal |     1 |    21 |    42 |    50 ||   114
Dodge: Dodged            |    26 |    37 |    80 |    72 ||   215
       Repelled          |       |       |     3 |       ||     3
Block: Buckler           |       |       |       |    22 ||    22

Table legend: (Time is in decaauts)
 A = Elapsed time spent in this place.
 B = Non-inter-level travel time spent in this place.
 C = Inter-level travel time spent in this place.
 D = Time resting spent in this place.
 E = Time spent auto-exploring this place.
 F = Levels seen in this place.
 G = Mean time per level.
                   A        B        C        D        E       F      G
               +--------+--------+--------+--------+--------+-----+--------+
         Total |   7640 |   7233 |    407 |    177 |   5121 |  13 |  587.7 |
       Dungeon |   7317 |   6934 |    383 |    170 |   5008 |  10 |  731.7 |
        Temple |     51 |     27 |     24 |      0 |     19 |   1 |   51.0 |
       Ossuary |    203 |    203 |      0 |      7 |     71 |   1 |  203.0 |
        Bailey |     67 |     67 |      0 |      0 |     23 |   1 |   67.0 |
               +--------+--------+--------+--------+--------+-----+--------+

Top non-repeatable levels by time:
     D:9: 1076 daAuts
     D:6: 984 daAuts
     D:8: 899 daAuts
     D:5: 784 daAuts
     D:7: 740 daAuts
     D:1: 735 daAuts
     D:3: 732 daAuts
     D:2: 679 daAuts
     D:4: 633 daAuts
 Ossuary: 203 daAuts
  Bailey: 67 daAuts
  Temple: 51 daAuts
    D:10: 51 daAuts
